 Dungeon Crawl Stone Soup version 0.17-a0-2002-g92c7e20 (webtiles) character file.

30 inmateoo the Caller (level 3, 0/24 HPs)
             Began as a Demonspawn Summoner on Oct 8, 2015.
             Succumbed to an adder's poison
             ... on level 2 of the Dungeon.
             The game lasted 00:02:41 (1254 turns).

inmateoo the Caller (Demonspawn Summoner)           Turns: 1254, Time: 00:02:41

Health: 0/24       AC:  2    Str:  8    XL:     3   Next: 3%
Magic:  0/6        EV: 12    Int: 17    God:
Gold:   33         SH:  0    Dex: 13    Spells: 3 memorised, 0 levels left

rFire  . . .     SeeInvis .     e - +0 club
rCold  . . .     Clarity  .     a - +0 robe
rNeg   . . .     SustAt   .     (no shield)
rPois  .         Gourm    .     (no helmet)
rElec  .         Spirit   +     (no cloak)
rCorr  .         Warding  .     (no gloves)
rMut   .         Stasis   .     (no boots)
MR     .....                    (no amulet)
Stlth  ++........               (no ring)
                                (no ring)

@: lethally poisoned (0 -> -18), not resistant to hostile enchantments,
unstealthy
A: magic shield
a: no special abilities


You were on level 2 of the Dungeon.
You were very hungry.

You visited 1 branch of the dungeon, and saw 2 of its levels.

You collected 33 gold pieces.

Inventory:

Hand Weapons
 e - a +0 club (weapon)
Armour
 a - a +0 robe (worn)
Jewellery
 f - an uncursed amulet of resist mutation {unknown}
Books
 b - a book of Callings

   Spells                             Type                      Level
   a - Summon Small Mammal            Summoning                    1
   b - Call Imp                       Summoning                    2
   c - Call Canine Familiar           Summoning                    3
   d - Summon Guardian Golem          Hexes/Summoning              3
   e - Summon Lightning Spire         Summoning/Air                4
   f - Summon Ice Beast               Ice/Summoning                4
Comestibles
 c - 2 bread rations
 d - a beef jerky


   Skills:
 + Level 2.2 Dodging
 - Level 2.0 Stealth
 + Level 2.3 Spellcasting
 + Level 4.3 Summonings


You couldn't memorise any spells.
You knew the following spells:

 Your Spells              Type           Power        Failure   Level  Hunger
a - Summon Small Mammal   Summ           ###.         3%          1    #......
b - Call Imp              Summ           ###.....     6%          2    ##.....
c - Call Canine Familiar  Summ           ###.....     12%         3    ###....


Dungeon Overview and Level Annotations

Branches:
Dungeon (2/15)

Altars:


Innate Abilities, Weirdness & Mutations

When hurt, damage is shared between your health and your magic reserves.


Message History

You barely miss the adder.
The adder is almost dead.
You feel sick.
Your bat closely misses the adder.
The adder bites you.
You are lethally poisoned!
The adder poisons you! The adder closely misses you.
Your rat bites the adder but does no damage.
Unknown command.
You closely miss the adder.
The adder is severely wounded.
You feel sick.
Your bat closely misses the adder.
The adder bites you.
* * * LOW HITPOINT WARNING * * *
Your rat bites the adder.
The adder bites you.
* * * LOW HITPOINT WARNING * * *
You are more poisoned.
The adder poisons you!
You aren't carrying any potions.
Unknown command.
You barely miss the adder.
The adder is almost dead.
You die...

#################
#...............#
#r#############.#
#@S...........#(#
#..######..##.#.##
..b...........(...
+#..######..##.#.##
....#......##.#.#
....#......##.#.#
....#......##.#.#
+#..##.........#.#
#.....#####.##


You could see an adder, a friendly bat and a friendly rat.

Vanquished Creatures
  5 bats (D:1)
  3 kobolds
  A giant gecko (D:1)
  A giant newt (D:1)
  2 jackals (D:1)
  4 rats (D:1)
16 creatures vanquished.

Vanquished Creatures (collateral kills)
  An adder (D:2)
  An ooze (D:1)
  5 goblins (D:1)
  2 hobgoblins (D:1)
  A kobold (D:1)
  A giant cockroach (D:1)
  A rat (D:1)
12 creatures vanquished.

Grand Total: 28 creatures vanquished

Notes
Turn   | Place    | Note
--------------------------------------------------------------
     0 | D:1      | inmateoo the Demonspawn Summoner began the quest for the Orb.
     0 | D:1      | Reached XP level 1. HP: 13/13 MP: 3/3
   288 | D:1      | Gained mutation: When hurt, damage is shared between your health and your magic reserves. [demonic ancestry]
   288 | D:1      | Reached XP level 2. HP: 19/19 MP: 5/5
   292 | D:1      | Learned a level 2 spell: Call Imp
  1155 | D:2      | Reached XP level 3. HP: 20/24 MP: 2/6
  1160 | D:2      | Learned a level 3 spell: Call Canine Familiar
  1254 | D:2      | Succumbed to an adder's poison

Vault maps used:
D:1:      dpeg_arrival_rhombus
D:2:      nicolae_gozag_seed_capital, minmay_hedge_maze

Action                   || total
-------------------------++-------
Melee: Club              ||    92
       Unarmed           ||     4
 Cast: Summon Small Mamm ||    16
  Use: Scroll            ||     3
 Stab: Sleeping          ||     1
